 Dungeon Crawl Stone Soup version 0.28.0-43-g3370ac3207 (webtiles) character file.

Game seed: 2222839706664549338

2 tizbic2 the Grave Robber (level 1, 0/14 HPs)
             Began as a Demigod Wanderer on Mar 4, 2022.
             Slain by a goblin
             ... wielding a +0 dagger
              (3 damage)
             ... on level 1 of the Dungeon.
             The game lasted 00:01:11 (119 turns).

tizbic2 the Grave Robber (Demigod Wanderer)          Turns: 119, Time: 00:01:12

Health: 0/14       AC:  2    Str: 10    XL:     1   Next: 26%
Magic:  2/5        EV: 11    Int: 16    God:
Gold:   0          SH:  0    Dex: 14    Spells: 2/3 levels left

rFire   . . .      SeeInvis .   a - +0 dagger
rCold   + . .      Faith    .   (no shield)
rNeg    . . .      Spirit   .   d - +0 robe
rPois   .          Reflect  .   (no helmet)
rElec   .          Harm     .   (no cloak)
rCorr   .          Rampage  .   (no gloves)
Will    .....                   (no boots)
Stlth   +.........              (no amulet)
HPRegen 0.04/turn               e - ring of protection from cold
MPRegen 0.09/turn               (no ring)

@: very slightly contaminated
A: high MP 1, forlorn, divine attributes
a: no special abilities


You were on level 1 of the Dungeon.
You visited 1 branch of the dungeon, and saw 1 of its levels.

Inventory:

Hand Weapons
 a - a +0 dagger (weapon)
Missiles
 b - 11 poisoned darts (quivered)
Armour
 d - a +0 robe (worn)
Jewellery
 e - a ring of protection from cold (left hand)
Potions
 c - a potion of curing {unknown}
 f - a potion of ambrosia {unknown}


   Skills:
 + Level 2.7 Throwing
 + Level 1.8 Spellcasting
 * Level 2.7 Necromancy
 + Level 1.8 Air Magic


You had 2 spell levels left.
You knew the following spells:

 Your Spells              Type           Power      Damage    Failure   Level
a - Shock                 Conj/Air       16%        1d4       14%         1

Your spell library contained the following spells:

 Spells                   Type           Power      Damage    Failure   Level
 Animate Skeleton         Necr           20%        N/A       7%          1
 Sublimation of Blood     Necr           10%        N/A       11%         2
 Vampiric Draining        Necr           10%        2d6       21%         3
 Swiftness                Air            7%         N/A       30%         3


Dungeon Overview and Level Annotations

Branches:
Dungeon (1/15)


Innate Abilities, Weirdness & Mutations

You have an increased reservoir of magic. (+10% MP)
You shall have no god before yourself.
Your divine heritage dramatically boosts your attributes as you level up.


Message History

Aim: a rat (64% to hit)
The zap hits the rat.
You kill the rat!
Found a copper ring.
e - a ring of protection from cold
e - a ring of protection from cold (left hand)
Found a pink potion.
Found a scroll labelled ZUTOHA DEYSOS.
f - a pink potion
Found a leather armour.
Found a stone staircase leading down.
A goblin comes into view. It is wielding a +0 dagger.
Found a stone staircase leading down.
The goblin shouts!
The goblin barely misses you.
You hit the goblin but do no damage. The goblin misses you.
You barely miss the goblin. The goblin hits you with a +0 dagger.
You hit the goblin but do no damage. The goblin closely misses you.
You closely miss the goblin. The goblin closely misses you.
You hit the goblin.
The goblin is heavily wounded.
The goblin hits you with a +0 dagger.
Casting: Shock (safe; 14% risk of failure)
Confirm with . or Enter, or press ? or * to list all spells.
Aiming: Shock (safe; 14% risk of failure)
Press: ? - help, Shift-Dir - straight line That beam is likely to hit you.
Continue anyway?
You miscast Shock.
You are very lightly contaminated with residual magic.
Nothing appears to happen.
The goblin hits you with a +0 dagger.
Unknown command.
The goblin hits you with a +0 dagger.
* * * LOW HITPOINT WARNING * * *
Casting: Shock (safe; 14% risk of failure)
Confirm with . or Enter, or press ? or * to list all spells.
Aiming: Shock (safe; 14% risk of failure)
Press: ? - help, Shift-Dir - straight line, f - goblin
Aim: a goblin, wielding a +0 dagger (heavily wounded, 55% to hit)
You miscast Shock.
Nothing appears to happen.
The goblin hits you with a +0 dagger.
You die...

#.......# .# #.......#
#.# #.#.#...#### #.#
#..........# #.#
#...?......# #.#
#........>..
##.#####.#.........
######...##....@.....#
#......#....#..g.....#
## #...######.####.#
...####.### #.[. #
#.......# #.###
##.##.#.# ... #.##.#.#
... #......# #...#
#.###..####


You could see a goblin.

Vanquished Creatures
  A giant cockroach (D:1)
  2 rats (D:1)
3 creatures vanquished.

Notes
Turn   | Place    | Note
-------+----------+-------------------------------------------
     0 | D:1      | tizbic2 the Demigod Wanderer began the quest for the Orb.
     0 | D:1      | tizbic2 set off with the following items: a +0 dagger, 11
                  | poisoned darts, a +0 robe; and the following spells
                  | available to memorise: Animate Skeleton, Sublimation of
                  | Blood, Shock, Vampiric Draining, Swiftness
     0 | D:1      | Reached XP level 1. HP: 14/14 MP: 5/5
    27 | D:1      | Learned a level 1 spell: Shock
   119 | D:1      | Slain by a goblin

Illustrated notes

Levels and vault maps discovered:
D:1:      pf_arrival_petrified_forest, layout_loops_cross,
          basic_ecumenical_altar

Action                   || total
-------------------------++-------
Melee: Dagger            ||    10
 Cast: Shock             ||     5
Armor: Robe              ||     1
Dodge: Dodged            ||     7
